 Dungeon Crawl Stone Soup version 0.27-a0-1188-g73eefd5def (webtiles) character file.

Game seed: 14105117759202891764

75 chippings the Chopper (level 4, 0/35 HPs)
             Began as a Mummy Gladiator on May 20, 2021.
             Slain by an orc wizard
             ... wielding a +0 dagger
              (1 damage)
             ... on level 3 of the Dungeon.
             The game lasted 00:02:29 (2333 turns).

chippings the Chopper (Mummy Gladiator)             Turns: 2333, Time: 00:02:30

Health: 0/35       AC:  6    Str: 18    XL:     4   Next: 11%
Magic:  4/4        EV: 11    Int:  7    God:
Gold:   91         SH:  0    Dex: 13    Spells: 3/3 levels left

rFire    x . .     SeeInvis .   a - +0 war axe
rCold    + . .     Faith    .   (no shield)
rNeg     + + +     Spirit   .   g - +0 ring mail
rPois    ∞         Reflect  .   c - +0 helmet
rElec    .         Harm     .   (no cloak)
rCorr    .         Rampage  .   (no gloves)
Will     .....                  (no boots)
Stlth    +.........             (no amulet)
HPRegen  0.11/turn              (no ring)
MPRegen  0.09/turn              (no ring)

@: no status effects
A: cold resistance 1, negative energy resistance 3, torment resistance 2, heat
vulnerability 1, no potions
a: no special abilities


You were on level 3 of the Dungeon.
You visited 1 branch of the dungeon, and saw 3 of its levels.

You collected 91 gold pieces.

Inventory:

Hand Weapons
 a - a +0 war axe (weapon)
 i - a +0 flail
Missiles
 d - 3 throwing nets (quivered)
Armour
 c - a +0 helmet (worn)
 g - a +0 ring mail (worn)
Jewellery
 b - an amulet of reflection
Scrolls
 e - 2 scrolls of amnesia {unknown}
 f - 2 scrolls of identify {unknown}
 h - a scroll of brand weapon {unknown}
 j - a scroll of enchant weapon {unknown}
 k - a scroll of blinking {unknown}


   Skills:
 + Level 3.0 Fighting
 * Level 3.6 Axes
 - Level 1.5 Throwing
 - Level 2.4 Dodging


You had 3 spell levels left.
You didn't know any spells.
Your spell library was empty.

Dungeon Overview and Level Annotations

Branches:
Dungeon (3/15)

Altars:
Vehumet


Innate Abilities, Weirdness & Mutations

You are immune to poison.
Your flesh is cold resistant. (rC+)
You are immune to negative energy. (rN+++)
You are immune to unholy pain and torment.
You are vulnerable to heat. (rF-)
You do not drink.


Message History

You are confused.
The orc wizard gestures at you while chanting.
You resist with some effort. The orc wizard casts a spell at you.
You resist with some effort.
The orc wizard points at you and mumbles some strange words.
You are more confused.
The orc wizard gestures at itself while chanting.
The orc wizard flickers and vanishes!
Deactivating autopickup; reactivate with Ctrl-A.
You hear some strange, mumbled words.
A puff of flame appears from out of thin air!
The puff of flame hits you!! The fire burns you terribly!
Ouch! That really hurt!
* * * LOW HITPOINT WARNING * * *
Something hits you.
* * * LOW HITPOINT WARNING * * *
You barely miss something. Something hits you.
* * * LOW HITPOINT WARNING * * *
You barely miss something. Something hits you.
* * * LOW HITPOINT WARNING * * *
You closely miss something. Something hits you but does no damage.
Something hits you.
* * * LOW HITPOINT WARNING * * *
You barely miss something. Something hits you.
* * * LOW HITPOINT WARNING * * *
You feel less confused.
A magic dart appears from out of thin air!
The magic dart hits you.
* * * LOW HITPOINT WARNING * * *
There is a radiant altar of Vehumet here.
Something hits you but does no damage.
You miss something.
You hear some strange, mumbled words.
Something tries to affect you, but you resist.
You barely miss something. Something hits you but does no damage.
You miss something. Something hits you.
* * * LOW HITPOINT WARNING * * *
Something hits you.
You die...

#.# #### #.# ...
#.# #.# #.#
##.##########.#
##...##........#
##.....##.#######
#.#)...)).#.#
#!...._@{...#
###.......#.#
##.....##.#
##...##..# ##.##
.## #.. # ###


There were no monsters in sight!

Vanquished Creatures
  2 adders
  A worm (D:2)
  2 orcs (D:3)
  6 bats
  2 endoplasms
  10 giant cockroaches (D:3)
  4 hobgoblins
  4 jackals (D:2)
  2 kobolds
  3 quokkas
  3 ball pythons (D:2)
  3 frilled lizards
  2 goblins
  3 rats
47 creatures vanquished.

Notes
Turn   | Place    | Note
-------+----------+-------------------------------------------
     0 | D:1      | chippings the Mummy Gladiator began the quest for the Orb.
     0 | D:1      | Reached XP level 1. HP: 16/16 MP: 1/1
   501 | D:1      | Reached XP level 2. HP: 22/22 MP: 2/2
  1024 | D:2      | Reached XP level 3. HP: 3/28 MP: 3/3
  2118 | D:3      | Reached XP level 4. HP: 18/34 MP: 4/4
  2305 | D:3      | Found a radiant altar of Vehumet.
  2329 | D:3      | HP: 1/35 [something/magic dart (1)]
  2333 | D:3      | Slain by an orc wizard

Illustrated notes

Levels and vault maps discovered:
D:1:      dpeg_arrival_stone_temple_mockup, layout_basic
D:2:      layout_basic, chequers_serial_rivers_micro_c,
          kennysheep_generic_room_13
D:3:      minmay_roachtagon, layout_basic, lemuel_round_altar

Skill      XL: |  1  2  3  4 |
---------------+-------------+-----
Axes           | 3 |  3.6
Fighting       | 3 |  3.0
Throwing       | |  1.5
Dodging        | |  2.4

Action                   |  1- 3 |  4- 6 || total
-------------------------+-------+-------++-------
Melee: War axe           |   136 |    28 ||   164
Armor: Ring mail         |    83 |    18 ||   101
       Leather armour    |     6 |       ||     6
Dodge: Dodged            |   130 |    21 ||   151

Table legend: (Time is in decaauts)
 A = Elapsed time spent in this place.
 B = Non-inter-level travel time spent in this place.
 C = Inter-level travel time spent in this place.
 D = Time resting spent in this place.
 E = Time spent auto-exploring this place.
 F = Levels seen in this place.
 G = Mean time per level.
                   A        B        C        D        E       F      G
               +--------+--------+--------+--------+--------+-----+--------+
         Total |   2389 |   2312 |     77 |      0 |   1784 |   3 |  796.3 |
       Dungeon |   2389 |   2312 |     77 |      0 |   1784 |   3 |  796.3 |
               +--------+--------+--------+--------+--------+-----+--------+

Top non-repeatable levels by time:
     D:2: 1126 daAuts
     D:1: 926 daAuts
     D:3: 336 daAuts
